 Dungeon Crawl Stone Soup version 0.23.0-42-geed6394480 (webtiles) character file.

Game seed: 0

34513 Naridas the Peltast (level 13, -1/92 HPs)
             Began as an Octopode Fighter on Feb 28, 2019.
             Was the Champion of Dithmenos.
             Slain by a sixfirhy (11 damage)
             ... summoned by an orc high priest
             ... on level 2 of the Orcish Mines.
             The game lasted 01:15:25 (24318 turns).

Naridas the Peltast (Octopode Fighter)             Turns: 24318, Time: 01:15:26

Health: -1/92      AC:  4    Str: 18    XL:     13   Next: 77%
Magic:  26/26      EV: 20    Int: 16    God:    Dithmenos [******]
Gold:   1804       SH: 19    Dex: 16    Spells: 15/18 levels left

rFire    . . .     SeeInvis .   q - +4 long sword
rCold    . . .     Gourm    .   b - +0 shield
rNeg     . . .     Faith    .   (helmet restricted)
rPois    +         Spirit   .   B - +5 amulet of reflection
rElec    .         Reflect  +   o - +3 ring of protection
rCorr    .         Harm     .   C - ring of magical power
MR       .....                  E - ring of flight
Stlth    ++++++....             x - ring of poison resistance
HPRegen  0.25/turn              G - +6 ring of intelligence
MPRegen  0.20/turn              L - ring of stealth
                                N - +2 ring of strength
                                (no ring)

@: wreathed by umbra
A: almost no armour, stealthy swim, amphibious, 8 rings, constrict 8, camouflage
1, gelatinous body 1
a: Shadow Step, Shadow Form, Renounce Religion, Evoke Flight


You were on level 2 of the Orcish Mines.
You worshipped Dithmenos.
Dithmenos was exalted by your worship.
You were not hungry.

You visited 5 branches of the dungeon, and saw 19 of its levels.

You collected 1804 gold pieces.

Inventory:

Hand Weapons
 q - a +4 long sword (weapon)
Missiles
 P - 18 tomahawks (quivered)
 Q - 10 poisoned tomahawks
Armour
 b - a +0 shield (worn)
Jewellery
 o - a +3 ring of protection (left tentacle)
 x - a ring of poison resistance (on tentacle)
 B - a +5 amulet of reflection (around mantle)
 C - a ring of magical power (right tentacle)
 E - a ring of flight (on tentacle)
 G - a +6 ring of intelligence (on tentacle)
 L - a ring of stealth (on tentacle)
 N - a +2 ring of strength (on tentacle)
Wands
 a - a wand of digging (5)
 r - a wand of polymorph (19)
 A - a wand of random effects (43)
 J - a wand of acid (6)
Scrolls
 e - 4 scrolls of teleportation
 g - 8 scrolls of remove curse
 h - 3 scrolls of amnesia {unknown}
 k - a scroll of random uselessness {unknown}
 n - 5 scrolls of enchant weapon
 p - 3 scrolls of immolation {unknown}
 t - 4 scrolls of magic mapping
 u - 5 scrolls of enchant armour
 v - 2 scrolls of noise {unknown}
 y - 2 scrolls of blinking {unknown}
 D - a scroll of identify
 H - a scroll of holy word {unknown}
 I - a scroll of summoning {unknown}
 K - 2 scrolls of fog {unknown}
 M - a scroll of silence {unknown}
Potions
 c - 2 potions of might
 f - 2 potions of curing
 i - a potion of mutation {unknown}
 j - 2 potions of agility
 l - 3 potions of resistance
 m - 2 potions of heal wounds {unknown}
 s - 6 potions of flight
 w - 2 potions of magic {unknown}
 z - a potion of brilliance {unknown}
 O - a potion of invisibility
Comestibles
 d - 24 rations
 F - 3 chunks of flesh


   Skills:
 - Level 10.1 Fighting
 - Level 10.0 Long Blades
 - Level 10.0 Dodging
 - Level 15.0 Shields
 - Level 3.2 Spellcasting
 - Level 4.0 Necromancy
 + Level 1.8 Translocations


You had 15 spell levels left.
You knew the following spells:

 Your Spells              Type           Power        Failure   Level  Hunger
a - Animate Skeleton      Necr           N/A          3%          1    None
b - Blink                 Tloc           N/A          13%         2    ##.....

Your spell library contained the following spells:

 Spells                   Type           Power        Failure   Level  Hunger
 Pain                     Necr           ###.         3%          1    None
 Apportation              Tloc           #.....       9%          1    None
 Confusing Touch          Hex            #.....       19%         1    None
 Corona                   Hex            #......      19%         1    None
 Magic Dart               Conj           #...         19%         1    None
 Shock                    Conj/Air       #...         19%         1    None
 Summon Small Mammal      Summ           #...         19%         1    None
 Call Imp                 Summ           #.......     28%         2    ##.....
 Ensorcelled Hibernation  Hex/Ice        #.....       28%         2    ##.....
 Slow                     Hex            #.......     28%         2    ##.....
 Swiftness                Chrm/Air       #.......     28%         2    ##.....
 Confuse                  Hex            #.......     50%         3    ###....
 Conjure Flame            Conj/Fire      #.......     50%         3    ###....
 Dazzling Spray           Conj/Hex       #.....       50%         3    ###....
 Mephitic Cloud           Conj/Pois/Air  #.......     50%         3    ###....
 Static Discharge         Conj/Air       #.......     50%         3    ###....
 Tukima's Dance           Hex            #.......     50%         3    ###....
 Airstrike                Air            #.........   88%         4    ####...
 Lightning Bolt           Conj/Air       #.........   99%         5    ######.


Dungeon Overview and Level Annotations

Branches:
Dungeon (12/15)            Temple (1/1) D:7            Lair (3/6) D:8
 Shoals (0/4) Lair:2        Snake (0/4) Lair:3          Orc (2/2) D:12
    Elf (1/3) Orc:2

Altars:
Ashenzari
Cheibriados
Dithmenos
Elyvilon
Fedhas
Gozag
Hepliaklqana
Kikubaaqudgha
Makhleb
Nemelex Xobeh
Okawaru
Qazlal
Ru
Sif Muna
Trog
Uskayaw
Vehumet
Wu Jian
Xom
Yredelemnul
Zin
The Shining One
Beogh

Shops:
D:11 }   D:12 }   Orc:1 %   Orc:2 ?*

Annotations:
Lair:2 exclusion: ice statue


Innate Abilities, Weirdness & Mutations

You cannot wear most types of armour.
You are very stealthy in the water. (Stealth+)
You are amphibious.
You can wear up to eight rings at the same time.
You can use your tentacles to constrict eight enemies at once.
Your skin changes colour to match your surroundings (Stealth+).
Your rubbery body absorbs attacks. (AC +1, EV +1)


Message History

Beogh smites you!
* * * LOW HITPOINT WARNING * * *
You see here a +0 hand axe.
The sixfirhy misses you. The sixfirhy hits you.
* * * LOW HITPOINT WARNING * * *
The sixfirhy shocks you!
* * * LOW HITPOINT WARNING * * *
Items here: ))) [ a +0 giant club x2; a +0 chain mail; a +0 scimitar You block the sixfirhy's attack.
The sixfirhy misses you. You block the sixfirhy's attack.
The sixfirhy barely misses you.
You feel better.
You block the sixfirhy's attack. x2; The sixfirhy misses you.
You riposte.
You slash the sixfirhy! You grab the sixfirhy.
The sixfirhy is heavily wounded.
You release your grip on the sixfirhy.
The ice devil disappears in a puff of smoke!
You block the sixfirhy's attack. The sixfirhy hits you!
* * * LOW HITPOINT WARNING * * *
The sixfirhy shocks you!
You die...

#...## ##.o.###..).....# ##...##
##o..###..##)#...## ###...##
##.o.###o.###4#....##
.###...###..4###.4###........#
..##....#....##[o###..#.....## ##
#))#)#.....#.#[.###.)#......####.
##))..........4###..............Z
###)..#.#.#...###3............Z..
.###.........###@................
.####..#.#..###...............#..
...###.....###...................
....###∩.∩###..<.....##..........
.....###.###.....................
......#####......................
.......###.................#.....
........#..............#.........
................#..#..[..........


You could see a sixfirhy and a red devil.

Vanquished Creatures
  5 two-headed ogres
  An orc high priest (Orc:2)
  Nergalle (Lair:1)
  A sixfirhy (Orc:2)
  An unseen horror (D:10)
  3 orc knights
  A manticore (D:11)
  3 orc sorcerers
  A merfolk siren (Lair:2)
  An ugly thing (D:10)
  A black mamba (Lair:1)
  2 gargoyles
  An orange demon (Orc:2)
  3 spiny frogs
  2 kobold demonologists (D:11)
  3 komodo dragons
  An ice devil (Orc:2)
  A hellwing (Orc:2)
  11 trolls
  2 polar bears (Lair:2)
  3 hippogriffs
  Sigmund (D:2)
  2 shadows
  2 wraiths
  3 wyverns
  23 yaks
  A hungry ghost (D:12)
  7 wargs
  A soldier ant (D:12)
  4 water moccasins
  8 porcupines
  10 ice beasts
  27 orc warriors
  2 phantoms
  3 sky beasts
  3 eyes of draining
  3 necrophages
  11 ogres
  4 centaurs
  3 crocodiles
  5 big kobolds
  Blork the orc (D:6)
  11 bullfrogs
  A gnoll sergeant (D:6)
  A wyvern skeleton (D:6)
  17 killer bees
  4 scorpions
  3 wights (D:12)
  6 howler monkeys
  A vampire bat (D:7)
  6 crimson imps
  3 bullfrog zombies
  2 quasits (D:10)
  A centaur zombie (D:6)
  6 hounds
  3 jellies
  2 bullfrog skeletons
  16 orc priests
  4 centaur skeletons
  16 orc wizards
  Jessica (D:2)
  2 iguanas
  5 worker ants
  A hound zombie (D:9)
  3 worker ant zombies
  A howler monkey skeleton (D:5)
  11 gnolls
  15 adders
  5 shadow imps
  4 white imps (Lair:2)
  2 oozes (D:2)
  2 adder skeletons
  3 worms
  A dart slug (D:1)
  3 leopard geckos
  79 orcs
  2 ball pythons
  2 giant cockroaches (D:2)
  4 goblins
  7 hobgoblins
  20 kobolds
  4 quokkas
  17 bats
  5 frilled lizards
  A leopard gecko skeleton (D:7)
  A leopard gecko zombie (D:8)
  5 rats
481 creatures vanquished.

Vanquished Creatures (collateral kills)
  An orc wizard (Orc:2)
1 creature vanquished.

Vanquished Creatures (others)
  A cyclops (D:12)
  An orc warrior (Orc:2)
  An orc (Orc:1)
  A kobold (D:11)
  2 fungi
  4 plants
10 creatures vanquished.

Grand Total: 492 creatures vanquished

Notes
Turn   | Place    | Note
-------+----------+-------------------------------------------
     0 | D:1      | Naridas the Octopode Fighter began the quest for the Orb.
     0 | D:1      | Reached XP level 1. HP: 16/16 MP: 1/1
   195 | D:1      | Reached XP level 2. HP: 21/21 MP: 2/2
   787 | D:1      | Reached XP level 3. HP: 26/26 MP: 3/3
  1073 | D:2      | Reached XP level 4. HP: 31/31 MP: 4/4
  1549 | D:2      | Noticed Jessica
  1615 | D:2      | Killed Jessica
  1617 | D:2      | Reached skill level 5 in Long Blades
  1794 | D:2      | Identified Jessica's Compendium of Unholy Secrets
  1823 | D:2      | Reached XP level 5. HP: 35/36 MP: 5/5
  1927 | D:2      | Noticed Sigmund
  2318 | D:3      | Found an opulent altar of Gozag.
  2349 | D:3      | Found a shattered altar of Ashenzari.
  2506 | D:3      | Found a shimmering altar of Xom.
  2988 | D:3      | Found an iron altar of Okawaru.
  3086 | D:3      | Found a glowing golden altar of the Shining One.
  3467 | D:4      | Reached XP level 6. HP: 31/44 MP: 6/6
  3566 | D:4      | Found an ancient bone altar of Kikubaaqudgha.
  3569 | D:4      | Found a shadowy altar of Dithmenos.
  3573 | D:4      | Became a worshipper of Dithmenos the Shadowed
  3680 | D:4      | Reached skill level 5 in Fighting
  3771 | D:4      | Found a hazy altar of Hepliaklqana.
  3774 | D:4      | Found a deep blue altar of Sif Muna.
  3919 | D:4      | Found a burning altar of Makhleb.
  3919 | D:4      | Noticed a green death
  4104 | D:5      | Entered Level 5 of the Dungeon
  4114 | D:5      | Reached skill level 4 in Shields
  4114 | D:5      | Reached XP level 7. HP: 35/50 MP: 7/7
  4224 | D:5      | Found an ornate altar of the Wu Jian Council.
  4245 | D:5      | Reached skill level 5 in Shields
  4972 | D:2      | Killed Sigmund
  4972 | D:2      | Reached skill level 5 in Dodging
  4972 | D:2      | Reached XP level 8. HP: 44/56 MP: 8/8
  5543 | D:5      | Found a stormy altar of Qazlal.
  5578 | D:5      | Reached * piety under Dithmenos
  6126 | D:6      | Found a shadowy altar of Dithmenos.
  6246 | D:6      | Noticed Blork the orc
  6252 | D:6      | Killed Blork the orc
  6487 | D:6      | Reached XP level 9. HP: 61/61 MP: 9/9
  6663 | D:6      | Found a bloodstained altar of Trog.
  6733 | D:6      | Found an ornate altar of the Wu Jian Council.
  7135 | D:7      | Reached skill level 10 in Long Blades
  7389 | D:7      | Reached ** piety under Dithmenos
  7621 | D:7      | Found a staircase to the Ecumenical Temple.
  7635 | Temple   | Entered the Ecumenical Temple
  7869 | D:8      | Found a staircase to the Lair.
  8183 | D:8      | Noticed a two-headed ogre
  8501 | D:8      | Reached XP level 10. HP: 39/72 MP: 10/10
  8817 | D:8      | Found a blossoming altar of Fedhas.
  8892 | D:8      | Killed a two-headed ogre
  9468 | D:9      | Reached skill level 10 in Fighting
  9728 | D:9      | Reached *** piety under Dithmenos
 10309 | D:9      | Reached skill level 6 in Shields
 10939 | D:10     | Entered Level 10 of the Dungeon
 11425 | Lair:1   | Entered Level 1 of the Lair of Beasts
 11426 | Lair:1   | Noticed a spiny frog
 11431 | Lair:1   | Noticed a spiny frog
 11435 | Lair:1   | Killed a spiny frog
 11454 | D:8      | Reached skill level 7 in Shields
 11454 | D:8      | Reached XP level 11. HP: 21/81 MP: 11/11
 12055 | Lair:1   | Noticed Nergalle
 12309 | Lair:1   | Killed Nergalle
 12309 | Lair:1   | Reached skill level 8 in Shields
 12537 | Lair:1   | Noticed an eight-headed hydra
 13354 | Lair:1   | Reached skill level 9 in Shields
 14644 | Lair:2   | Noticed an ice dragon
 14846 | Lair:2   | Found a staircase to the Shoals.
 14938 | Lair:3   | Noticed a five-headed hydra
 15086 | Lair:3   | Reached XP level 12. HP: 87/87 MP: 12/12
 15121 | Lair:3   | Found a staircase to the Snake Pit.
 15603 | D:9      | Reached skill level 10 in Dodging
 15603 | D:9      | Reached skill level 10 in Shields
 16703 | D:10     | Reached skill level 11 in Shields
 16978 | D:10     | Noticed a two-headed ogre
 16995 | D:10     | Killed a two-headed ogre
 17080 | D:10     | Reached **** piety under Dithmenos
 17403 | D:11     | Reached skill level 12 in Shields
 18052 | D:11     | Found Berhuuc's Gadget Shoppe.
 18190 | D:11     | Noticed a two-headed ogre
 18210 | D:11     | Killed a two-headed ogre
 18210 | D:11     | Reached skill level 13 in Shields
 18534 | D:11     | Reached ***** piety under Dithmenos
 19517 | D:12     | Found a staircase to the Orcish Mines.
 19517 | D:12     | Noticed a two-headed ogre
 19555 | D:12     | Killed a two-headed ogre
 19555 | D:12     | Reached XP level 13. HP: 92/92 MP: 13/13
 20095 | D:12     | Found Lesixait's Gadget Shoppe.
 20149 | D:12     | Reached skill level 14 in Shields
 20396 | Orc:1    | Entered Level 1 of the Orcish Mines
 20396 | Orc:1    | Found Ysui's Food Emporium.
 20741 | Orc:1    | You fall through a shaft!
 20741 | Orc:2    | Entered Level 2 of the Orcish Mines
 20741 | Orc:2    | Found a staircase to the Elven Halls.
 20760 | Elf:1    | Entered Level 1 of the Elven Halls
 21995 | Orc:1    | Found a roughly hewn altar of Beogh.
 22200 | Orc:1    | Reached skill level 15 in Shields
 22204 | Orc:1    | Learned a level 1 spell: Animate Skeleton
 22298 | Orc:2    | Reached skill level 1 in Spellcasting
 22324 | Orc:2    | Found a roughly hewn altar of Beogh.
 22397 | Orc:2    | Reached skill level 1 in Necromancy
 22418 | Orc:1    | Reached ****** piety under Dithmenos
 22525 | Orc:2    | Noticed an orc warlord
 22682 | Orc:2    | Found Ysungoc's General Store.
 23259 | Orc:2    | Found Retrusuj's Magic Scroll Boutique.
 24162 | Orc:2    | Learned a level 2 spell: Blink
 24247 | Orc:2    | Reached skill level 1 in Translocations
 24318 | Orc:2    | Slain by a sixfirhy

Skill      XL: |  1  2  3  4  5  6  7  8  9 10 11 12 13 |
---------------+----------------------------------------+-----
Long Blades    | 3 4 5 8 10 | 10.0
Fighting       | 4 5 8 10 | 10.1
Shields        | 4 5 7 9 13 15 | 15.0
Dodging        | 5 7 9 10 | 10.0
Spellcasting   | 3 |  3.2
Necromancy     | 4 |  4.0
Translocations | 1 |  1.8

Action                   |  1- 3 |  4- 6 |  7- 9 | 10-12 | 13-15 || total
-------------------------+-------+-------+-------+-------+-------++-------
Melee: Long sword        |    54 |    84 |   309 |   106 |   272 ||   825
       Tentacles         |    10 |    20 |    74 |   346 |   187 ||   637
       Constrict         |    11 |    22 |    63 |    87 |    94 ||   277
       Falchion          |       |       |       |   947 |   254 ||  1201
Throw: Tomahawk          |       |       |     2 |       |     1 ||     3
 Cast: Animate Skeleton  |       |       |       |       |    10 ||    10
Evoke: Wand              |       |       |     1 |     3 |       ||     4
  Use: Scroll            |       |     6 |     1 |     5 |     2 ||    14
       Potion            |       |       |     1 |     4 |     2 ||     7
 Stab: Sleeping          |     1 |    10 |     6 |    11 |     7 ||    35
       Distracted        |       |     1 |     2 |     1 |     3 ||     7
  Eat: Chunk             |       |    10 |    13 |    27 |    16 ||    66
       Ration            |       |       |       |     3 |       ||     3
Armor: Skin              |     4 |     3 |    24 |    37 |     6 ||    74
Dodge: Dodged            |    28 |    26 |   127 |   430 |   212 ||   823
Block: Shield            |    31 |    34 |   179 |   721 |   429 ||  1394
       Reflection        |       |       |     2 |     9 |    15 ||    26
       Rpst.: Long sword |     9 |     7 |    41 |    12 |    26 ||    95
       Falchion          |       |       |       |    98 |    17 ||   115
